 Dungeon Crawl Stone Soup version 0.25-a0-663-gace7076f2c (webtiles) character file.

Game seed: 13587634596589956516, levelgen mode: deterministic

854 inmateoo the Insei (level 7, -2/59 HPs)
             Began as a Demigod Transmuter on Mar 24, 2020.
             Slain by a centaur (9 damage)
             ... on level 5 of the Dungeon.
             The game lasted 00:06:03 (5206 turns).

inmateoo the Insei (Demigod Transmuter)             Turns: 5206, Time: 00:06:04

Health: -2/59      AC:  2    Str: 13    XL:     7   Next: 42%
Magic:  14/17      EV: 19    Int: 26    God:
Gold:   252        SH:  0    Dex: 21    Spells: 5/15 levels left

rFire    . . .     SeeInvis .     - Unarmed
rCold    . . .     Gourm    .   (shield currently unavailable)
rNeg     + . .     Faith    .   (armour currently unavailable)
rPois    x         Spirit   .   (helmet currently unavailable)
rElec    .         Reflect  .   (cloak currently unavailable)
rCorr    .         Harm     .   (gloves currently unavailable)
MR       .....                  (boots currently unavailable)
Stlth    ++........             (no amulet)
HPRegen  0.19/turn              k - ring of positive energy
MPRegen  0.15/turn              p - +5 ring of intelligence

@: spider-form
A: tiny, high mp 1
a: End Transformation


You were on level 5 of the Dungeon.
You were not hungry.
You were a venomous arachnid creature.
You visited 1 branch of the dungeon, and saw 5 of its levels.

You collected 252 gold pieces.

Inventory:

Missiles
 a - 10 arrows
 j - 164 stones (quivered)
Armour
 b - a +1 robe (melded)
Jewellery
 k - a ring of positive energy (left front leg)
 m - a cursed amulet of inaccuracy {unknown}
 p - a +5 ring of intelligence (right front leg)
Scrolls
 c - 2 scrolls of immolation
 f - 6 scrolls of enchant weapon
 g - 4 scrolls of identify
 h - a scroll of fear {unknown}
 n - 2 scrolls of magic mapping
 o - 3 scrolls of enchant armour
Potions
 e - 2 potions of might
 i - 3 potions of stabbing
 l - a potion of curing
Comestibles
 d - 6 rations
 q - a chunk of flesh


   Skills:
 - Level 4.0 Fighting
 - Level 1.7 Dodging
 - Level 5.0 Unarmed Combat
 + Level 4.7 Spellcasting
 - Level 3.0 Transmutations


You had 5 spell levels left.
You knew the following spells:

 Your Spells              Type           Power        Failure   Level  Hunger
a - Beastly Appendage     Tmut           ###...       9%          1    None
b - Sticks to Snakes      Tmut           ###.....     12%         2    None
c - Spider Form           Tmut/Pois      ##........   30%         3    ##.....
d - Ice Form              Ice/Tmut       ##......     61%         4    ####...

Your spell library contained the following spells:

 Spells                   Type           Power        Failure   Level  Hunger
 Blade Hands              Tmut           ###.......   75%         5    #####..


Dungeon Overview and Level Annotations

Branches:
Dungeon (5/15)             Temple (0/1) D:4


Innate Abilities, Weirdness & Mutations

You have an increased reservoir of magic. (+10% MP)


Message History

The shadow imp closely misses you.
The centaur shoots an arrow.
The arrow hits you!
You see here an arrow.
The centaur shoots an arrow.
The arrow hits you!
* * * LOW HITPOINT WARNING * * *
You see here an arrow.
Casting: Spider Form (safe; 13% risk of failure)
Confirm with . or Enter, or press ? or * to list all spells.
You turn into a venomous arachnid creature.
Your +1 robe melds into your body.
The centaur shouts!
The centaur wields a +0 shortbow.
The centaur shoots an arrow.
The arrow hits you!
* * * LOW HITPOINT WARNING * * *
The centaur unwields a +0 shortbow.
The centaur hits you but does no damage.
The shadow imp barely misses you.
You feel better.
The centaur shoots an arrow.
The arrow completely misses you. The centaur hits you!
You die...

..... #....
c....####
........#
......#
#....# #...c#
#...s####
###.5(..#
#.......#
#.#..(..#
#.#.##....###
#.#.##..((..#
#.#.##......#
#+
#.#.##?.....#
######.
#.#.##......#


You could see 2 centaurs and a shadow imp.

Vanquished Creatures
  Sigmund (D:2)
  A phantom (D:4)
  2 ogres (D:4)
  A centaur (D:5)
  2 crimson imps
  4 worker ants
  A hound zombie (D:5)
  4 gnolls (D:3)
  4 adders
  2 oozes
  2 worms (D:2)
  2 dart slugs
  2 leopard geckos
  2 orcs
  4 giant cockroaches
  14 goblins
  5 hobgoblins
  6 jackals
  6 kobolds
  3 ball pythons
  7 bats
  5 frilled lizards
  A goblin skeleton (D:4)
  A goblin zombie (D:4)
  4 hobgoblin zombies (D:4)
  A kobold skeleton (D:4)
  An orc zombie (D:4)
  12 rats
100 creatures vanquished.

Notes
Turn   | Place    | Note
-------+----------+-------------------------------------------
     0 | D:1      | inmateoo the Demigod Transmuter began the quest for the
                  | Orb.
     0 | D:1      | Reached XP level 1. HP: 15/15 MP: 5/5
   147 | D:1      | Reached skill level 1 in Fighting
   155 | D:1      | Reached skill level 3 in Unarmed Combat
   351 | D:1      | Reached XP level 2. HP: 20/23 MP: 5/7
   375 | D:1      | Learned a level 2 spell: Sticks to Snakes
  1222 | D:2      | Reached XP level 3. HP: 15/28 MP: 8/8
  1772 | D:2      | Learned a level 3 spell: Spider Form
  2314 | D:2      | Noticed Sigmund
  2594 | D:2      | Killed Sigmund
  2594 | D:2      | Reached skill level 4 in Unarmed Combat
  2594 | D:2      | Reached XP level 4. HP: 19/37 MP: 5/10
  2594 | D:2      | Reached XP level 5. HP: 21/42 MP: 5/11
  3635 | D:3      | Reached XP level 6. HP: 50/50 MP: 6/13
  3864 | D:4      | Found a glowing golden altar of the Shining One.
  4131 | D:4      | Reached skill level 5 in Unarmed Combat
  4192 | D:4      | Learned a level 4 spell: Ice Form
  4383 | D:4      | Found a staircase to the Ecumenical Temple.
  4796 | D:4      | Reached XP level 7. HP: 38/58 MP: 9/16
  4956 | D:5      | Entered Level 5 of the Dungeon
  5162 | D:5      | Found a blossoming altar of Fedhas.
  5205 | D:5      | HP: 1/59 [centaur/arrow (8)]
  5206 | D:5      | Slain by a centaur

Levels and vault maps discovered:
D:1:      giann_wishing_wells, layout_rooms
D:2:      minmay_general_purpose_star, layout_loops_ring, first_ration,
          minmay_ruptured, uniq_sigmund
D:3:      layout_basic
D:4:      layout_layer_cave, nicolae_tso_besieged_by_evil,
          minmay_temple_entry_purple_smoke
D:5:      layout_basic, kennysheep_mini_moat, nicolae_qazlal_general_emergency,
          uniq_crazy_yiuf_cottage

Skill      XL: |  1  2  3  4  5  6  7 |
---------------+----------------------+-----
Fighting       | 1 2 3 4 |  4.0
Unarmed Combat | 3 4 5 |  5.0
Transmutations | 2 3 |  3.0
Spellcasting   | 2 3 4 |  4.7
Dodging        | |  1.7

Action                   |  1- 3 |  4- 6 |  7- 9 || total
-------------------------+-------+-------+-------++-------
Melee: Unarmed           |   197 |   130 |    36 ||   363
       Headbutt          |    19 |     4 |       ||    23
       Punch             |     1 |     3 |       ||     4
       Kick              |     6 |       |       ||     6
 Cast: Beastly Appendage |    16 |     3 |       ||    19
       Spider Form       |     2 |     7 |     3 ||    12
       Sticks to Snakes  |       |     2 |       ||     2
       Ice Form          |       |     1 |       ||     1
  Use: Scroll            |    10 |       |       ||    10
       Potion            |       |       |     1 ||     1
 Stab: Sleeping          |       |     2 |       ||     2
  Eat: Chunk             |     5 |     6 |     1 ||    12
       Ration            |       |     1 |       ||     1
Armor: Robe              |    30 |    19 |       ||    49
       Skin              |       |     3 |     5 ||     8
Dodge: Dodged            |   116 |    82 |    52 ||   250

Table legend:
 A = Non-vault XP
 B = Vault XP
 C = Vault XP percentage of total XP
 D = Non-vault monster count
 E = Vault monster count
 F = Vault count percentage of total count
                 A         B        C        D         E       F
            +---------+---------+-------+---------+---------+-------
      Total |     916 |     305 |  25.0 |      84 |      16 |  16.0
            +---------+---------+-------+---------+---------+-------
        D:1 |      38 |       0 |   0.0 |      21 |       0 |   0.0
        D:2 |      54 |     249 |  82.2 |      27 |       7 |  20.6
        D:3 |     113 |       0 |   0.0 |      22 |       0 |   0.0
        D:4 |     486 |      56 |  10.3 |       8 |       9 |  52.9
        D:5 |     225 |       0 |   0.0 |       6 |       0 |   0.0
            +---------+---------+-------+---------+---------+-------
